 Dungeon Crawl Stone Soup version 0.22.1-2-g9c5b331 (webtiles) character file.

406 Gearfox the Magician (level 6, 0/32 HPs)
             Began as a Deep Elf Fire Elementalist on Dec 11, 2018.
             Was an Initiate of Nemelex Xobeh.
             Slain by Pikel
             ... wielding a +2 whip of freezing
              (8 damage)
             ... on level 4 of the Dungeon.
             The game lasted 00:19:09 (5331 turns).

Gearfox the Magician (Deep Elf Fire Elementalist)   Turns: 5331, Time: 00:19:09

Health: 0/32       AC:  5    Str: 10    XL:     6   Next: 56%
Magic:  5/17       EV: 13    Int: 22    God:    Nemelex Xobeh [......]
Gold:   133        SH:  0    Dex: 15    Spells: 8/17 levels left

rFire    . . .     SeeInvis .   a - +2 whip (elec)
rCold    . . .     Gourm    .   (no shield)
rNeg     . . .     Faith    .   n - +2 robe
rPois    .         Spirit   .   k - +0 helmet
rElec    .         Reflect  .   (no cloak)
rCorr    .         Harm     .   (no gloves)
MR       .....                  (no boots)
Stlth    ++........             (no amulet)
HPRegen  0.10/turn              (no ring)
MPRegen  0.15/turn              (no ring)

@: mighty
A: no striking features
a: Renounce Religion


You were on level 4 of the Dungeon.
You worshipped Nemelex Xobeh.
Nemelex Xobeh was noncommittal.
You were not hungry.

You visited 1 branch of the dungeon, and saw 5 of its levels.

You collected 133 gold pieces.

Inventory:

Hand Weapons
 a - a +2 whip of electrocution (weapon)
 b - a +0 fustibalus
Missiles
 p - 96 stones
 q - 116 sling bullets (quivered)
Armour
 k - a +0 helmet (worn)
 n - a +2 robe (worn)
Scrolls
 e - 4 scrolls of identify
 i - 2 scrolls of enchant armour
 s - 3 scrolls of magic mapping
Potions
 g - a potion of resistance
 h - 2 potions of flight
 l - a potion of haste
 o - 2 potions of berserk rage
 t - a potion of heal wounds {unknown}
Miscellaneous
 f - a plain deck of destruction
 j - a plain deck of destruction {drawn: 2}
Comestibles
 c - 7 rations
 r - 4 chunks of flesh


   Skills:
 - Level 0.1 Fighting
 - Level 0.4 Slings
 - Level 2.4 Dodging
 - Level 2.4 Stealth
 * Level 6.3 Spellcasting
 * Level 3.5 Conjurations
 * Level 5.5 Fire Magic


You had 8 spell levels left.
You knew the following spells:

 Your Spells              Type           Power        Failure   Level  Hunger
a - Flame Tongue          Conj/Fire      ####.        1%          1    None
b - Throw Flame           Conj/Fire      ####..       1%          2    None
c - Conjure Flame         Conj/Fire      ####....     4%          3    #......
d - Confuse               Hex            #.......     26%         3    #......

Your spell library contained the following spells:

 Spells                   Type           Power        Failure   Level  Hunger
 Confusing Touch          Hex            #.....       9%          1    None
 Inner Flame              Hex/Fire       ###.....     9%          3    #......
 Sticky Flame             Conj/Fire      ####....     14%         4    ###....
 Gell's Gravitas          Tloc           #.........   26%         3    #......
 Fireball                 Conj/Fire      ####......   36%         5    #####..
 Petrify                  Tmut/Erth      #.......     65%         4    ###....
 Metabolic Englaciation   Hex/Ice        #.........   94%         5    #####..
 Yara's Violent Unravell  Hex/Tmut       #.........   94%         5    #####..


Dungeon Overview and Level Annotations

Branches:
Dungeon (5/15)
 Temple: D:4-7

Altars:
Elyvilon
Hepliaklqana
Nemelex Xobeh
Qazlal
Vehumet
Xom

Annotations:
D:4 Pikel


Message History

You whack Pikel!
Pikel is moderately wounded.
Pikel hits you with a whip of freezing. Pikel freezes you.
You closely miss Pikel.
Pikel is moderately wounded.
Pikel completely misses you.
You hit Pikel.
Pikel is heavily wounded.
Pikel hits you with a whip of freezing. Pikel freezes you.
You closely miss Pikel.
Pikel is heavily wounded.
Pikel hits you with a whip of freezing. Pikel freezes you.
* * * LOW HITPOINT WARNING * * *
The hound stops to sniff the ground.
The hound misses you.
You hit Pikel.
Pikel is heavily wounded.
The hound barely misses you. Pikel hits you with a whip of freezing!
You die...
Your body disappears without a glow.

#...................#
#.#################.# ###'##
##### ##'#### #### .....#
#...##### #.....#....#
.....####.......# #.....#....##
.......##.......# #.....'....'.
...(...###......# #.....#....##
.......###......####..........#
).............>h@Kpp..........#
#........#....รท.###p..#.......#
#........####.........#......##
#.......)#####(#####p##...####
#..............# #..#...#
###.......####.# ##p#.###
########'####'## #.#.#
##............... #...#########
<#'###............####...........


You could see Pikel, 3 slaves and a hound.

Vanquished Creatures
  A slave (D:5)
  2 phantoms (D:4)
  An orc priest (D:4)
  2 worker ants (D:4)
  5 adders
  3 worms
  5 dart slugs
  7 orcs
  2 giant cockroaches
  10 goblins
  7 hobgoblins
  2 jackals (D:4)
  10 kobolds
  4 quokkas
  2 ball pythons
  9 bats
  3 frilled lizards
  A leopard gecko skeleton (D:4)
  8 rats
84 creatures vanquished.

Vanquished Creatures (collateral kills)
  A worm (D:3)
  A leopard gecko (D:3)
  An orc (D:3)
3 creatures vanquished.

Grand Total: 87 creatures vanquished

Notes
Turn   | Place    | Note
-------+----------+-------------------------------------------
     0 | D:1      | Gearfox the Deep Elf Fire Elementalist began the quest for
                  | the Orb.
     0 | D:1      | Reached XP level 1. HP: 10/10 MP: 6/6
   325 | D:1      | Reached XP level 2. HP: 15/15 MP: 3/8
   347 | D:1      | Learned a level 2 spell: Throw Flame
  1148 | D:2      | Reached XP level 3. HP: 19/19 MP: 3/10
  1240 | D:2      | Reached skill level 4 in Spellcasting
  1531 | D:1      | Learned a level 3 spell: Conjure Flame
  1955 | D:2      | Found a sparkling altar of Nemelex Xobeh.
  1974 | D:2      | Became a worshipper of Nemelex Xobeh the Trickster
  2195 | D:2      | Reached XP level 4. HP: 21/24 MP: 3/12
  2358 | D:2      | Received a gift from Nemelex Xobeh
  2415 | D:2      | Found a shimmering altar of Xom.
  3393 | D:3      | Reached skill level 5 in Spellcasting
  3919 | D:3      | Reached XP level 5. HP: 28/28 MP: 9/14
  4001 | D:3      | Found a stormy altar of Qazlal.
  4001 | D:3      | Found a radiant altar of Vehumet.
  4009 | D:3      | Found a white marble altar of Elyvilon.
  4016 | D:3      | Found a hazy altar of Hepliaklqana.
  4019 | D:3      | Found a faded altar of an unknown god.
  4417 | D:4      | Noticed a slave
  4417 | D:4      | Noticed a slave
  4417 | D:4      | Noticed a phantom
  4418 | D:4      | Noticed a slave
  4803 | D:4      | Killed a phantom
  4803 | D:4      | Reached skill level 5 in Fire Magic
  4928 | D:4      | Noticed a phantom
  4938 | D:4      | Killed a phantom
  4938 | D:4      | Reached skill level 6 in Spellcasting
  4938 | D:4      | Reached XP level 6. HP: 31/32 MP: 6/17
  5001 | D:4      | Noticed a slave
  5011 | D:4      | Received a gift from Nemelex Xobeh
  5015 | D:5      | Entered Level 5 of the Dungeon
  5021 | D:5      | Killed a slave
  5241 | D:4      | Learned a level 3 spell: Confuse
  5306 | D:4      | Noticed Pikel
  5331 | D:4      | Slain by Pikel

Skill      XL: |  1  2  3  4  5 |
---------------+----------------+-----
Fire Magic     | 4 5 |  5.5
Spellcasting   | 4 5 6 |  6.3
Conjurations   | 2 3 |  3.5
Fighting       | |  0.1
Slings         | |  0.4
Dodging        | |  2.4
Stealth        | |  2.4

Action                   |  1- 3 |  4- 6 || total
-------------------------+-------+-------++-------
Melee: Short sword       |    10 |     2 ||    12
       Whip              |       |     5 ||     5
 Fire: Fustibalus        |       |    15 ||    15
 Cast: Flame Tongue      |    32 |    25 ||    57
       Throw Flame       |    38 |    79 ||   117
Evoke: Deck              |       |     2 ||     2
  Use: Scroll            |     8 |     9 ||    17
       Potion            |       |     2 ||     2
  Eat: Chunk             |     4 |     8 ||    12
       Ration            |       |     1 ||     1
Armor: Robe              |     5 |    10 ||    15
Dodge: Dodged            |    17 |    35 ||    52
